Map: Curious Minds LE

Players

Reynor

  • Race: Zerg Zerg
  • League: Master

LiquidClem (Clem) - Winner!

  • Race: Terran Terran
  • League: Master

Event: DreamHack SC2 Masters Last Chance 2022

VOD

Have the link to the VOD?

Description

Time

  • Played on: Dec. 17, 2021, 1:53 p.m.
  • Length: 11:53

All games in this series

Show
View Real Time Build Order
Export as new Build Order

Reynor Zerg 

Build Orders: Hatch First, Lurkers 

Get SALT Encoding   

  12  0:00  Drone  
  13  0:12  Overlord  
  13  0:16  Drone  
  14  0:30  Drone x2  
  16  0:48  Hatchery  
  15  0:50  Drone  
  15  0:54  Drone  
  17  0:58  Drone  
  18  1:07  Extractor  
  17  1:12  Spawning Pool  
  17  1:16  Drone  
  17  1:19  Drone  
  18  1:27  Drone  
  19  1:38  Drone  
  20  1:51  Overlord  
  20  1:59  Queen x2  
  20  2:00  Zergling x4  
  26  2:10  Drone  
  26  2:11  Drone  
  28  2:21  Drone x2  
  30  2:26  Hatchery  
  29  2:31  Drone  
  29  2:32  Drone  
  31  2:39  Queen  
  32  2:44  Overlord  
  32  2:47  Drone  
  33  2:53  Drone  
  33  2:54  Drone  
  35  3:04  Drone x2  
  37  3:06  Drone  
  37  3:09  Drone x2, Roach Warren  
  39  3:14  Overlord  
  39  3:15  Drone  
  40  3:27  Queen  
  40  3:28  Overlord  
  42  3:42  Overlord  
  50  3:48  Roach x6  
  50  3:51  Overlord  
  54  3:56  Drone x2  
  54  4:02  Drone x2  
  54  4:10  Drone x2  
  54  4:11  Drone  
  54  4:16  Drone x2  
  51  4:26  Drone  
  51  4:30  Drone  
  53  4:35  Queen  
  55  4:39  Drone  
  55  4:40  Drone x2  
  55  4:42  Drone  
  59  4:46  Queen  
  59  4:49  Drone  
  59  4:50  Drone  
  59  4:52  Drone  
  64  4:53  Drone  
  64  4:55  Drone  
  64  4:58  Drone  
  64  4:59  Drone  
  68  5:01  Drone x2  
  68  5:02  Drone  
  68  5:06  Lair  
  71  5:09  Drone  
  71  5:10  Drone, Extractor x2  
  71  5:11  Drone  
  71  5:12  Drone  
  73  5:15  Drone x2  
  73  5:18  Overlord  
  73  5:20  Drone  
  76  5:22  Drone, Spore Crawler  
  76  5:25  Evolution Chamber  
  76  5:26  Evolution Chamber  
  76  5:28  Drone x2  
  76  5:29  Drone  
  76  5:30  Drone  
  76  5:35  Overlord  
  78  5:36  Drone x2  
  78  5:40  Queen, Extractor  
  78  5:42  Extractor  
  80  5:43  Extractor  
  80  5:45  Drone x4  
  80  5:46  Drone  
  80  5:49  Drone x2  
  86  5:50  Overlord  
  86  5:52  Zerg Missile Weapons Level 1  
  86  5:58  Drone x2, Zerg Ground Armor Level 1  
  88  6:05  Glial Reconstitution  
  88  6:06  Overseer  
  88  6:07  Roach x2  
  88  6:10  Drone  
  93  6:14  Drone, Roach x3  
  93  6:15  Spore Crawler  
  99  6:19  Overlord  
  99  6:22  Roach x2  
  99  6:23  Roach  
  99  6:24  Overlord  
  105  6:27  Overlord  
  105  6:37  Roach x2  
  105  6:38  Roach  
  105  6:39  Overlord  
  111  6:44  Hatchery  
  110  6:51  Drone  
  110  6:52  Infestation Pit  
  110  6:53  Roach x6  
  122  6:54  Overseer  
  122  6:55  Overlord  
  122  7:00  Roach x3  
  128  7:02  Ravager x3  
  128  7:04  Overlord  
  131  7:12  Overlord  
  131  7:13  Roach x3  
  137  7:17  Roach x2  
  137  7:18  Roach  
  143  7:22  Overlord  
  143  7:27  Ravager x2  
  143  7:28  Roach x4  
  153  7:30  Hive  
  153  7:31  Overlord  
  153  7:34  Roach  
  153  7:36  Roach x2  
  159  7:39  Roach  
  159  7:41  Drone x3  
  164  7:46  Roach  
  164  7:49  Overlord  
  164  7:50  Roach  
  168  7:55  Roach x3  
  174  8:03  Zerg Missile Weapons Level 2  
  172  8:11  Drone x3  
  175  8:13  Roach x3  
  175  8:14  Roach x5  
  175  8:15  Overlord  
  191  8:24  Zerg Ground Armor Level 2  
  191  8:25  Overlord  
  191  8:30  Overlord  
  191  8:35  Roach x4  
  199  8:43  Hydralisk Den  
  199  8:44  Drone  
  199  9:01  Extractor  
  198  9:03  Extractor  
  198  9:06  Roach x6  
  198  9:07  Roach x5  
  173  9:10  Roach x5  
  173  9:12  Roach x4  
  173  9:15  Roach x4  
  145  9:18  Viper  
  145  9:21  Roach  
  150  9:24  Roach x2  
  150  9:25  Zergling x2  
  150  9:27  Roach x2  
  161  9:31  Roach x3  
  161  9:32  Roach  
  167  9:38  Roach  
  167  9:39  Roach x2  
  159  9:47  Roach x3  
  159  9:48  Roach  
  159  9:52  Ravager x3  
  162  9:57  Roach x2  
  168  10:00  Roach x5  
  168  10:06  Lurker Den  
  175  10:08  Roach x2  
  175  10:09  Drone x4  
  183  10:14  Hatchery  
  182  10:24  Metabolic Boost  
  182  10:30  Drone x2  
  182  10:31  Drone  
  182  10:32  Drone  
  182  10:35  Roach x4  
  194  10:42  Hydralisk x3  
  181  10:43  Hydralisk  
  181  10:47  Hydralisk  
  191  11:04  Hydralisk x2  
  179  11:14  Hydralisk x2  
  179  11:15  Lurker x2  
  179  11:16  Lurker x3  
  178  11:25  Hydralisk x3  
  173  11:26  Zergling x14  
  173  11:30  Lurker x2  
Show
View Real Time Build Order
Export as new Build Order

LiquidClem Terran - Winner!

Build Orders:  

Get SALT Encoding   

  12  0:00  SCV  
  13  0:12  SCV  
  14  0:16  Supply Depot  
  14  0:24  SCV  
  15  0:38  SCV  
  15  0:39  Barracks  
  16  0:44  Refinery  
  16  0:50  SCV  
  17  1:02  SCV  
  18  1:14  SCV  
  19  1:26  Barracks Reactor, Orbital Command  
  19  1:38  Command Center  
  19  1:44  Supply Depot  
  19  1:52  SCV  
  20  2:03  Factory, Marine  
  20  2:04  Marine  
  20  2:07  SCV  
  23  2:19  SCV  
  23  2:21  Marine  
  23  2:22  Marine  
  26  2:32  SCV  
  27  2:38  Marine  
  27  2:40  Marine  
  29  2:44  SCV  
  29  2:50  Armory, Orbital Command  
  30  2:56  SCV  
  31  3:02  Hellion x2  
  36  3:07  Barracks Tech Lab  
  36  3:08  SCV  
  36  3:15  SCV  
  36  3:16  Supply Depot  
  37  3:20  SCV  
  37  3:23  Hellion x2  
  37  3:26  Stimpack  
  42  3:28  SCV  
  42  3:32  SCV  
  44  3:40  Supply Depot, SCV  
  45  3:46  Command Center  
  45  3:50  SCV  
  45  3:52  SCV  
  45  3:57  Factory Tech Lab  
  45  3:59  Marine  
  45  4:02  SCV  
  47  4:04  SCV  
  48  4:14  SCV  
  48  4:16  SCV  
  45  4:17  Marine  
  45  4:21  Siege Tank  
  44  4:26  SCV, Barracks  
  44  4:28  SCV  
  44  4:29  Supply Depot, Bunker  
  44  4:30  Barracks  
  44  4:33  Refinery  
  44  4:35  Refinery, Marine  
  44  4:36  Bunker  
  45  4:38  SCV  
  45  4:40  SCV  
  47  4:50  SCV  
  48  4:53  SCV, Marine  
  50  5:01  Siege Tank  
  50  5:02  SCV, Orbital Command  
  50  5:05  SCV, Refinery  
  55  5:11  Marine  
  55  5:13  Barracks Reactor  
  56  5:15  Engineering Bay  
  56  5:16  SCV  
  56  5:17  SCV, Engineering Bay  
  56  5:18  Combat Shield  
  58  5:21  Supply Depot  
  58  5:26  Marine x2  
  60  5:28  SCV  
  60  5:29  Orbital Command  
  60  5:32  Marine  
  60  5:33  Supply Depot, SCV  
  60  5:35  Starport  
  63  5:42  SCV, Barracks  
  64  5:43  Marine, Barracks  
  64  5:47  SCV  
  64  5:48  Marine  
  64  5:49  Siege Tank  
  70  5:50  Marine x2  
  70  5:54  SCV, Marine  
  70  5:56  Terran Infantry Weapons Level 1  
  70  5:57  SCV  
  75  5:59  SCV  
  75  6:02  Marine, Terran Infantry Armor Level 1  
  77  6:06  Marine  
  77  6:08  SCV, Marine  
  77  6:09  SCV  
  77  6:11  Starport Reactor  
  81  6:12  SCV  
  81  6:13  Marauder  
  81  6:16  Refinery  
  81  6:17  Supply Depot  
  81  6:18  Marine  
  85  6:20  SCV, Marine  
  85  6:21  SCV  
  85  6:24  SCV, Siege Tank, Marine  
  93  6:30  Marine  
  93  6:32  SCV, Barracks Reactor x2  
  95  6:33  SCV  
  95  6:35  Supply Depot  
  95  6:36  Refinery, Marine  
  95  6:37  SCV  
  98  6:41  Marine  
  98  6:44  SCV  
  98  6:45  Supply Depot, SCV  
  101  6:48  Medivac  
  101  6:49  Factory  
  101  6:50  SCV  
  101  6:53  Marine x2  
  101  6:54  Marine  
  106  6:58  Siege Tank  
  106  6:59  SCV  
  111  7:02  Marine  
  111  7:03  Marine  
  111  7:05  Supply Depot  
  111  7:06  Medivac  
  111  7:07  SCV  
  111  7:08  Supply Depot x2, Marine  
  117  7:09  Marine x3  
  120  7:18  Marine x2  
  120  7:20  Supply Depot  
  122  7:24  Marauder  
  122  7:26  Medivac, Command Center  
  125  7:30  Marine  
  125  7:31  Supply Depot, Marine x2  
  125  7:33  Factory Tech Lab  
  125  7:36  Siege Tank  
  131  7:39  Concussive Shells  
  131  7:43  Marine x5  
  135  7:45  Medivac  
  135  7:46  Terran Vehicle Weapons Level 1  
  135  7:50  Marauder  
  139  7:51  Supply Depot  
  139  7:52  Marine x2  
  139  7:55  Siege Tank  
  139  7:57  Supply Depot  
  144  8:02  Marine  
  144  8:03  Marine  
  144  8:04  Marine x2  
  146  8:08  Medivac  
  146  8:09  Supply Depot x2, Siege Tank  
  146  8:11  Marauder  
  146  8:12  Marine x3  
  154  8:13  Marine  
  154  8:17  Terran Infantry Weapons Level 2  
  155  8:22  Missile Turret  
  155  8:23  Terran Infantry Armor Level 2  
  155  8:24  Marine  
  155  8:26  Marine  
  157  8:27  Marine x2  
  157  8:32  Siege Tank  
  161  8:35  Medivac  
  163  8:42  Marine x2  
  163  8:43  Marine  
  163  8:46  Medivac  
  163  8:48  Sensor Tower, Marine  
  169  8:49  Marauder, Marine x4  
  173  9:00  Marine x2, Barracks x3  
  173  9:01  Marine  
  172  9:05  Medivac, Marine  
  172  9:07  Marine x2  
  146  9:11  Siege Tank  
  146  9:13  Marine  
  146  9:14  Marine  
  134  9:18  Marine  
  134  9:19  Medivac  
  134  9:22  Marine  
  134  9:23  SCV  
  138  9:24  SCV, Planetary Fortress  
  138  9:25  SCV, Siege Tank  
  138  9:30  Refinery  
  138  9:31  Marine x4  
  142  9:35  SCV  
  142  9:36  Marauder  
  147  9:38  Marine  
  147  9:44  Siege Tank, Marine x3  
  147  9:48  Marine  
  147  9:49  Barracks Tech Lab x2, Marine  
  147  9:50  SCV, Barracks Tech Lab  
  147  9:53  SCV x2  
  147  9:56  Marine x3  
  147  9:58  Marauder  
  154  10:04  Siege Tank  
  157  10:07  Ghost Academy  
  157  10:11  Marauder, Marine x2  
  161  10:15  Marauder  
  161  10:16  Marauder  
  161  10:19  Marauder  
  167  10:23  Marine  
  167  10:24  Siege Tank  
  170  10:29  Marine  
  170  10:30  Marine x3  
  170  10:32  Marauder  
  174  10:36  Marauder, Siege Tank  
  174  10:38  Marauder  
  178  10:43  Marauder  
  178  10:45  Sensor Tower  
  178  10:47  SCV  
  178  10:48  Marine  
  178  10:49  Marine x4  
  184  10:50  Marine  
  184  10:53  Marauder  
  184  10:56  Siege Tank, Marine x2  
  192  11:01  Marine x2  
  192  11:05  Marauder  
  192  11:08  Siege Tank  
  192  11:09  Marine x2  
  198  11:12  Marine x2  
  197  11:20  Marauder  
  197  11:21  Ghost  
  197  11:22  Command Center, Ghost  

Tags
 
Add a new tag
Caveats
  • Supply blocks, unpowered buildings, or Contaminate may cause inaccurate times.
  • Supply counts are checked every 10 seconds.